 Dungeon Crawl Stone Soup version 0.21-a0-279-g6037ffb (webtiles) character file.

9730 nikopol the Thaumaturge (level 11, -24/57 HPs)
             Began as a Deep Elf Fire Elementalist on Sept 23, 2017.
             Was a Priest of Sif Muna.
             Killed from afar by a deep elf mage (28 damage)
             ... with a bolt of lightning
             ... on level 10 of the Dungeon.
             The game lasted 00:51:34 (11087 turns).

nikopol the Thaumaturge (DEFE)                     Turns: 11087, Time: 00:51:35

Health: -24/57     AC:  6    Str:  5    XL:     11   Next: 26%
Magic:  0/30       EV: 14    Int: 24    God:    Sif Muna [***...]
Gold:   396        SH:  0    Dex: 15    Spells: 25/36 levels left

rFire    . . .     SeeInvis .   f - +2 dagger (venom)
rCold    . . .     Gourm    .   (no shield)
rNeg     . . .     Faith    .   P - +0 robe
rPois    .         Spirit   .   w - +2 hat
rElec    .         Reflect  .   X - scarf {repulsion}
rCorr    .         Harm     .   s - +1 pair of gloves
MR       +....                  (no boots)
Stlth    +++.......             (no amulet)
HPRegen  0.19/turn              R - ring of wizardry
MPRegen  0.22/turn              (no ring)

@: repel missiles
A: no striking features
a: Divine Energy, Channel Magic, Renounce Religion


You were on level 10 of the Dungeon.
You worshipped Sif Muna.
Sif Muna was most pleased with you.
You were not hungry.

You visited 2 branches of the dungeon, and saw 11 of its levels.

You collected 438 gold pieces.
You spent 42 gold pieces at shops.

Inventory:

Hand Weapons
 f - a +2 dagger of venom (weapon)
Armour
 s - a +1 pair of gloves (worn)
 w - a +2 hat (worn)
 P - a +0 robe (worn)
 X - a scarf of repulsion (worn)
Jewellery
 C - an uncursed ring of stealth
 M - an uncursed ring of protection from fire
 R - a ring of wizardry (left hand)
Wands
 A - a wand of acid (4/15)
 E - a wand of polymorph (14/24)
 J - a wand of acid (10/15)
 Q - a wand of acid (6/15)
Scrolls
 e - 3 scrolls of recharging
 g - 2 scrolls of enchant weapon
 h - a scroll of amnesia
 i - 6 scrolls of remove curse
 j - 2 scrolls of immolation
 l - 3 scrolls of enchant armour
 m - 2 scrolls of blinking
 n - 2 scrolls of identify
 p - 3 scrolls of teleportation
 q - a scroll of fear
 z - a scroll of magic mapping {unknown}
Potions
 d - a potion of agility
 k - a potion of haste
 o - 3 potions of heal wounds
 t - 5 potions of curing
 u - a potion of lignification
 x - 3 potions of flight
 D - a potion of ambrosia
 F - a potion of invisibility
 H - a potion of degeneration
 I - 2 potions of magic
 N - a potion of berserk rage
 T - a potion of cancellation
Books
 b - a book of Flames

   Spells                             Type                      Level
   a - Flame Tongue                   Conjuration/Fire             1
   b - Throw Flame                    Conjuration/Fire             2
   c - Conjure Flame                  Conjuration/Fire             3
   d - Inner Flame                    Hexes/Fire                   3
   e - Sticky Flame                   Conjuration/Fire             4
   f - Fireball                       Conjuration/Fire             5
 O - Sif Muna's Compendium of Companions
   (You found it on level 7 of the Dungeon)

   Spells                             Type                      Level
   a - Summon Small Mammal            Summoning                    1
 S - a book of Enchantments

   Spells                             Type                      Level
   a - Cause Fear                     Hexes                        4
   b - Yara's Violent Unravelling     Hexes/Transmutation          5
   c - Silence                        Hexes/Air                    5
   d - Deflect Missiles               Charms/Air                   6
   e - Discord                        Hexes                        8
Miscellaneous
 V - a lamp of fire
 W - a phantom mirror
Comestibles
 c - 16 bread rations
 v - 6 meat rations
 L - 3 fruits


   Skills:
 + Level 1.7 Fighting
 + Level 0.2 Short Blades
 + Level 3.7 Dodging
 + Level 5.1 Stealth
 + Level 13.4 Spellcasting
 + Level 10.3 Conjurations
 + Level 10.9 Fire Magic


You had 25 spell levels left.
You knew the following spells:

 Your Spells              Type           Power        Failure   Level  Hunger
a - Flame Tongue          Conj/Fire      #####        1%          1    None
b - Throw Flame           Conj/Fire      ######       1%          2    None
c - Conjure Flame         Conj/Fire      ######..     1%          3    None
d - Fireball              Conj/Fire      ######....   1%          5    ###....


Dungeon Overview and Level Annotations

Branches:
Dungeon (10/15)            Temple (1/1) D:6            Lair (0/6) D:9
    Orc: D:9-12

Altars:
Ashenzari
Cheibriados
Dithmenos
Elyvilon
Fedhas
Gozag
Hepliaklqana
Kikubaaqudgha
Makhleb
Nemelex Xobeh
Okawaru
Qazlal
Ru
Sif Muna
Trog
Uskayaw
Vehumet
Wu Jian
Xom
Yredelemnul
Zin
The Shining One

Shops:
D:4 *


Message History

An orc priest, an orc wizard and a deep elf mage come into view.
Casting: Fireball
Confirm with . or Enter, or press ? or * to list all spells.
Aiming: Fireball
Press: ? - help, Shift-Dir - straight line, f - centaur warrior
Aim: a centaur warrior, wielding a shortbow and wearing a coral ring (moderately wounded)
The fireball explodes!
The fireball engulfs the centaur warrior.
The centaur warrior resists.
The centaur warrior is heavily wounded.
You hear a shout!
You hear a howl!
The centaur warrior shoots an arrow.
The arrow is repelled.
The centaur warrior shoots an arrow.
The arrow hits you!
* * * LOW HITPOINT WARNING * * *
The centaur unwields an uncursed hand axe.
The centaur wields a shortbow.
The centaur shoots an arrow.
The arrow is repelled.
The deep elf mage gestures at you while chanting.
The bolt of lightning hits you!
You die...

#...#...# #...[...# ## #.......##
#. . ##........# #.
..#########.........###.
..........(.............
........................
......................).
.......@................
........................
.....).............<....
e.......?...............
.#........†c†>..................
#...............................
#.Y..)†.....oo..................
##........c......................
.............. ...###......


You could see a centaur warrior, a deep elf mage, a centaur, an orc priest and
an orc wizard.

Vanquished Creatures
  A centaur warrior (D:8)
  3 two-headed ogres
  The ghost of Gruud the Martial Artist, a novice DsGl of Qazlal (D:9)
  Pikel (D:5)
  A deep elf mage (D:8)
  Joseph (D:9)
  A gargoyle (D:10)
  Grinder (D:4)
  A hippogriff (D:9)
  A wyvern (D:9)
  A steam dragon (D:8)
  3 water moccasins
  Duvessa (D:4)
  3 orc warriors
  3 slaves (D:5)
  3 sky beasts
  A black bear (D:8)
  A phantom (D:5)
  3 ice beasts
  6 ogres
  3 necrophages
  5 bullfrogs
  Dowan (D:4)
  3 scorpions
  3 howler monkeys (D:10)
  2 crimson imps (D:9)
  4 bullfrog zombies
  6 hounds
  2 jellies
  3 orc priests
  A centaur skeleton (D:5)
  9 orc wizards
  Ijyb (D:4)
  5 iguanas
  8 worker ants
  A killer bee zombie (D:7)
  2 hound skeletons
  3 worker ant zombies
  7 gnolls
  A howler monkey skeleton (D:4)
  10 adders
  10 river rats (D:5)
  A shadow imp (D:5)
  2 oozes
  An adder skeleton (D:9)
  A worm (D:2)
  A dart slug (D:1)
  4 leopard geckos
  24 orcs
  5 bats
  6 giant cockroaches
  13 goblins
  8 hobgoblins
  5 jackals
  4 quokkas
  4 ball pythons
  9 frilled lizards
  10 kobolds
  A leopard gecko skeleton (D:6)
  A leopard gecko zombie (D:5)
  A quokka skeleton (D:4)
  14 rats
242 creatures vanquished.

Vanquished Creatures (others)
  A howler monkey skeleton (D:5)
  A shadow imp (D:8)
  2 rats (D:5)
4 creatures vanquished.

Grand Total: 246 creatures vanquished

Notes
Turn   | Place    | Note
-------+----------+-------------------------------------------
     0 | D:1      | nikopol the Deep Elf Fire Elementalist began the quest for the Orb.
     0 | D:1      | Reached XP level 1. HP: 10/10 MP: 6/6
   148 | D:1      | Reached XP level 2. HP: 15/15 MP: 2/8
   152 | D:1      | Learned a level 2 spell: Throw Flame
   597 | D:1      | Reached XP level 3. HP: 19/19 MP: 6/9
   602 | D:1      | Learned a level 3 spell: Conjure Flame
  1191 | D:2      | Reached skill level 4 in Spellcasting
  1191 | D:2      | Reached XP level 4. HP: 18/24 MP: 7/12
  1735 | D:3      | Found a sacrificial altar of Ru.
  1878 | D:3      | Reached XP level 5. HP: 28/28 MP: 10/13
  1970 | D:3      | Learned a level 5 spell: Fireball
  2027 | D:3      | Found an iron altar of Okawaru.
  2029 | D:3      | Found a hazy altar of Hepliaklqana.
  2288 | D:4      | Reached skill level 5 in Spellcasting
  2404 | D:4      | Found Inig's General Store.
  2410 | D:4      | Bought a scroll of teleportation for 42 gold pieces
  2463 | D:4      | Noticed an ogre
  2471 | D:4      | Killed an ogre
  2471 | D:4      | Reached XP level 6. HP: 32/32 MP: 3/16
  2570 | D:4      | Reached skill level 5 in Fire Magic
  2616 | D:4      | Noticed Duvessa
  2616 | D:4      | Noticed Dowan
  2645 | D:4      | Killed Dowan
  2646 | D:4      | Killed Duvessa
  2646 | D:4      | Reached skill level 6 in Spellcasting
  2900 | D:4      | Reached XP level 7. HP: 36/36 MP: 9/18
  2995 | D:4      | Noticed Ijyb
  3003 | D:4      | Killed Ijyb
  3224 | D:4      | Noticed Grinder
  3237 | D:4      | Paralysed by Grinder for 7 turns
  3244 | D:4      | Killed Grinder
  3244 | D:4      | Reached skill level 7 in Spellcasting
  3447 | D:5      | Entered Level 5 of the Dungeon
  3508 | D:5      | Reached skill level 5 in Conjurations
  3769 | D:5      | Found a blossoming altar of Fedhas.
  3801 | D:5      | Reached XP level 8. HP: 31/41 MP: 6/21
  4033 | D:5      | Reached skill level 8 in Spellcasting
  4142 | D:5      | Noticed Pikel
  4146 | D:5      | Killed Pikel
  4146 | D:5      | Reached skill level 9 in Spellcasting
  4383 | D:5      | Found a stormy altar of Qazlal.
  4935 | D:6      | Reached XP level 9. HP: 46/46 MP: 14/24
  5142 | D:6      | Reached skill level 10 in Spellcasting
  5377 | D:6      | Found a staircase to the Ecumenical Temple.
  5383 | D:6      | Found a faded altar of an unknown god.
  5392 | Temple   | Entered the Ecumenical Temple
  5732 | D:6      | Found a burning altar of Makhleb.
  5932 | D:6      | Found a white marble altar of Elyvilon.
  6027 | D:6      | Found a sparkling altar of Nemelex Xobeh.
  6369 | D:7      | Found a deep blue altar of Sif Muna.
  6405 | D:7      | Identified Sif Muna's Compendium of Companions
  6407 | D:7      | Became a worshipper of Sif Muna the Loreminder
  6431 | D:7      | Found an ancient bone altar of Kikubaaqudgha.
  6440 | D:7      | Found a radiant altar of Vehumet.
  6496 | D:7      | Got a scorched scale mail
  6507 | D:7      | Identified the +6 scale mail of the Game of Kings {*Corrode Dex+9 SInv Stlth-} (You found it on level 7 of the Dungeon)
  7252 | D:8      | Found a hide-covered altar of Uskayaw.
  7252 | D:8      | Noticed an enchanted hand axe
  7252 | D:8      | Noticed a dagger
  7378 | D:8      | Reached * piety under Sif Muna
  7436 | D:8      | Reached skill level 11 in Spellcasting
  7461 | D:8      | Reached skill level 1 in Fighting
  7590 | D:8      | Noticed a two-headed ogre
  7598 | D:8      | Killed a two-headed ogre
  7598 | D:8      | Reached XP level 10. HP: 52/52 MP: 0/27
  8225 | D:8      | Noticed a two-headed ogre
  8265 | D:8      | Killed a two-headed ogre
  8265 | D:8      | Reached ** piety under Sif Muna
  8265 | D:8      | Reached skill level 12 in Spellcasting
  8410 | D:8      | Noticed a centaur warrior
  8537 | D:8      | Noticed a deep elf mage
  8542 | D:8      | Killed a deep elf mage
  8544 | D:8      | Killed a centaur warrior
  8544 | D:8      | Reached skill level 5 in Stealth
  8544 | D:8      | Reached skill level 10 in Fire Magic
  9297 | D:9      | Noticed a two-headed ogre
  9323 | D:9      | Killed a two-headed ogre
  9419 | D:9      | Reached *** piety under Sif Muna
  9419 | D:9      | Reached skill level 13 in Spellcasting
  9443 | D:9      | Noticed Gruud's ghost (novice DsGl)
  9474 | D:9      | Killed Gruud's ghost
  9474 | D:9      | Reached skill level 10 in Conjurations
  9474 | D:9      | Reached XP level 11. HP: 25/56 MP: 11/30
  9657 | D:9      | Noticed Joseph
  9660 | D:9      | Killed Joseph
  9949 | D:9      | Found a staircase to the Lair.
 10203 | D:9      | Found a sparkling altar of Nemelex Xobeh.
 10204 | D:9      | Found an opulent altar of Gozag.
 10244 | D:9      | Found a shadowy altar of Dithmenos.
 10438 | D:10     | Entered Level 10 of the Dungeon
 11083 | D:10     | Noticed a centaur warrior
 11087 | D:10     | Noticed a deep elf mage
 11087 | D:10     | Killed from afar by a deep elf mage

Vault maps used:
D:1:      minmay_arrival_up_and_down, minmay_tree_intersection
D:2:      first_bread
D:3:      nicolae_ru_awakened_eye, overflow_temple_1_default,
          okawaru_metal_pillars_1_2
D:4:      serial_shops, shop, uniq_duvessa, uniq_grinder, uniq_ijyb
D:5:      old_standard_altar, basic_altar, dk_rats_in_the_wall, uniq_pikel
D:6:      makhleb_blood_cavern_becter, lemuel_coloured_pillars_altar,
          nicolae_temple_entry_ecumenical, nemelex_spade_bored_becter
D:7:      palyth_temple_overflow_mages, grunt_ogre_cave, st_stairs_6
D:8:      corexii_shack_village, dancing_weapons_uskayaw, minmay_pinched_square
D:9:      marbit_many_paths, grunt_temple_overflow_opulence, uniq_joseph
D:10:     minmay_chopped_fan
Temple:   nicolae_temple_figure_zero

Skill      XL: |  1  2  3  4  5  6  7  8  9 10 |
---------------+-------------------------------+-----
Fire Magic     | 4 5 6 7 9 10 | 10.9
Stealth        | 3 4 5 |  5.1
Conjurations   | 2 3 4 5 6 8 10 | 10.3
Spellcasting   | 4 5 6 7 9 11 13 | 13.4
Dodging        | 3 |  3.7
Fighting       | 1 |  1.7
Short Blades   | |  0.2

Action                   |  1- 3 |  4- 6 |  7- 9 | 10-12 || total
-------------------------+-------+-------+-------+-------++-------
Melee: Short sword       |     6 |       |       |       ||     6
       Dagger            |     6 |     4 |     8 |    40 ||    58
 Cast: Flame Tongue      |    54 |    81 |   259 |   104 ||   498
       Throw Flame       |       |     3 |    70 |    44 ||   117
       Conjure Flame     |       |     4 |     8 |     6 ||    18
       Fireball          |       |       |    11 |    28 ||    39
  Use: Potion            |     1 |       |     1 |       ||     2
       Scroll            |       |     3 |     6 |    13 ||    22
  Eat: Chunk             |     1 |     5 |    15 |     7 ||    28
       Royal jelly       |       |       |       |     3 ||     3
       Fruit             |       |       |       |     1 ||     1
Armor: Robe              |     6 |     4 |    18 |    21 ||    49
Dodge: Dodged            |    10 |    17 |    48 |    40 ||   115
       Deflected         |       |       |       |     4 ||     4

Table legend:
 A = Spawn XP
 B = Non-spawn XP
 C = Spawn XP percentage of total XP
 D = Spawn monster count
 E = Non-spawn monster count
 F = Spawn count percentage of total count
 G = Total turns spent on level
                    A         B        C        D         E        F      G
               +---------+---------+-------+---------+---------+-------+---------
         Total |       0 |   13901 |   0.0 |       0 |     240 |   0.0 | 11087
               +---------+---------+-------+---------+---------+-------+---------
           D:1 |       0 |      48 |   0.0 |       0 |      25 |   0.0 |   992
           D:2 |       0 |      85 |   0.0 |       0 |      18 |   0.0 |   600
           D:3 |       0 |     120 |   0.0 |       0 |      17 |   0.0 |   587
           D:4 |       0 |     907 |   0.0 |       0 |      19 |   0.0 |  1273
           D:5 |       0 |    1551 |   0.0 |       0 |      35 |   0.0 |  1549
           D:6 |       0 |    1043 |   0.0 |       0 |      24 |   0.0 |   975
           D:7 |       0 |     996 |   0.0 |       0 |      27 |   0.0 |  1162
           D:8 |       0 |    4740 |   0.0 |       0 |      43 |   0.0 |  1763
           D:9 |       0 |    3222 |   0.0 |       0 |      16 |   0.0 |  1980
          D:10 |       0 |    1189 |   0.0 |       0 |      16 |   0.0 |    88
               +---------+---------+-------+---------+---------+-------+---------
